 Dungeon Crawl Stone Soup version 0.31-a0-819-gf6de2f5ab6 (webtiles) character file.

Game seed: 13962012069470927761

1521 Joey1 the Cleaver (level 8, -4/94 (102) HPs)
             Began as a Minotaur Berserker on Sept 24, 2023.
             Was a Priest of Trog.
             Slain by a gnoll
             ... wielding a +1 halberd of electrocution
              (6 damage)
             ... in a bailey.
             The game lasted 00:09:31 (6095 turns).

Joey1 the Cleaver (Minotaur Berserker)              Turns: 6095, Time: 00:09:32

HP:   -4/94 (102)   AC: 12    Str: 24    XL:     8   Next: 54%
MP:   7/7           EV:  8    Int: 10    God:    Trog [***...]
Gold: 291           SH:  0    Dex: 10    Spells: 7/7 levels left

rFire   . . .        a - +0 hand axe
rCold   . . .        (no shield)
rNeg    . . .        m - +0 plate armour
rPois   .            (helmet restricted)
rElec   .            (no cloak)
rCorr   .            z - +0 pair of gloves
SInv    +            (no boots)
Will    .....        (no amulet) Stlth
                     v - +6 ring of intelligence
HPRegen 0.35/turn    x - ring of see invisible
MPRegen 0.10/turn

%: no passive effects
@: berserking, drained, very quick
A: horns 2, retaliatory headbutt
a: Renounce Religion, Berserk, Trog's Hand


You were in a bailey.
You worshipped Trog.
Trog was most pleased with you.
You visited 1 branch of the dungeon, and saw 7 of its levels.
You also visited: Bailey.

You collected 361 gold pieces.
You spent 70 gold pieces at shops.

Inventory:

Hand Weapons
 a - a +0 hand axe (weapon)
 B - a +0 halberd
 C - a +0 spear
Armour
 b - a +0 animal skin
 f - a +0 scale mail
 m - a +0 plate armour (worn)
 z - a +0 pair of gloves (worn)
 A - a +0 troll leather armour
Jewellery
 v - a +6 ring of intelligence (left hand)
 x - a ring of see invisible (right hand)
Wands
 c - a wand of flame (13)
 o - a wand of charming (14)
 u - a wand of polymorph (11)
Scrolls
 g - 4 scrolls of amnesia
 i - a scroll of fog {unknown}
 p - 3 scrolls of teleportation
 r - a scroll of enchant weapon {unknown}
 t - a scroll of blinking {unknown}
 y - a scroll of immolation {unknown}
Potions
 d - 2 potions of haste
 e - a potion of degeneration {unknown}
 h - a potion of berserk rage {unknown}
 j - 4 potions of heal wounds
 k - a potion of might {unknown}
 l - a potion of attraction {unknown}
 n - a potion of curing {unknown}
 q - a potion of brilliance {unknown}
 s - 2 potions of resistance {unknown}
 w - a potion of enlightenment
 D - a potion of mutation {unknown}


   Skills:
 - Level 5.0 Fighting
 * Level 11.7 Axes
 - Level 3.0 Armour
 - Level 5.0 Dodging


You had 7 spell levels left.
You didn't know any spells.
Your spell library was empty.

Dungeon Overview and Level Annotations

Branches:
Dungeon (7/15)             Temple (0/1) D:4          Bailey (1/1)

Altars:
Cheibriados
Gozag
Hepliaklqana
Nemelex Xobeh
Uskayaw
Xom
Zin

Shops:
D:2 :   D:4 :   D:5 **   D:6 :*


Innate Abilities, Weirdness & Mutations

You have a pair of horns on your head.
You reflexively headbutt those who attack you in melee.


Message History

You hit the gnoll.
The gnoll is heavily wounded.
The gnoll closely misses you. You furiously retaliate!
You headbutt the gnoll!
You kill the gnoll!
Trog accepts your kill.
The gnoll hits you with a +2 halberd of electrocution!
You are electrocuted!
You see here a +1 halberd of draining.
You hit the gnoll.
The gnoll is moderately wounded.
The orc warrior hits you from afar with a +1 halberd of electrocution.
The gnoll hits you with a +2 halberd of electrocution!
You hit the gnoll. Your headbutt misses the gnoll.
The gnoll is heavily wounded.
The orc warrior hits you from afar with a +1 halberd of electrocution.
A red film seems to cover your vision as you go berserk!
You feel yourself moving faster!
You feel mighty!
The gnoll hits you with a +2 halberd of electrocution.
The orc warrior closely misses you.
You hit the gnoll.
You kill the gnoll!
Trog accepts your kill. The gnoll closely misses you.
The orc warrior hits you with a +1 halberd of electrocution!
* * * LOW HITPOINT WARNING * * *
There is an open door, spattered with blood here.
Things that are here:
a +2 halberd of electrocution; a gnoll corpse You closely miss the orc warrior.
You headbutt the orc warrior, but do no damage.
The gnoll hits you from afar with a +1 halberd of electrocution!
* * * LOW HITPOINT WARNING * * *
You hit the orc warrior.
The orc warrior is lightly wounded.
The orc warrior hits you with a +1 halberd of electrocution!
* * * LOW HITPOINT WARNING * * *
You hit the orc warrior. Your headbutt misses the orc warrior.
The orc warrior is moderately wounded.
The gnoll hits you from afar with a +1 halberd of electrocution.
You die...

#'###'##'##'## g!#
##.....## !.g.
###.....### !.⌠.
#)'..⌠..')# .!.!
###.....### !.!
#.....## ##' +#
#'##'##g## #g#.#
#.###o# ### ####
### #@#
##.###.#)###)###)#
##'##'###'##'##'##
.....## ##.....##
.....#####.....###
..∩..')#)'..⌠..'.#
.....#####.....###
.....## ##.....##
##'##'###'##'##'#


You could see an orc warrior and a gnoll.

Vanquished Creatures
  A troll (D:7)
  3 water moccasins
  2 ice beasts
  An ogre (D:5)
  A bullfrog (D:6)
  3 jellies
  2 hounds
  2 orc priests
  An orc wizard (D:4)
  2 sleepcaps
  Ijyb (D:3)
  A mummy (D:6)
  14 gnolls
  8 adders
  A white imp (D:5)
  2 ufetubi
  4 dart slugs
  17 orcs
  5 ball pythons
  8 endoplasms
  4 giant cockroaches
  4 goblins
  5 hobgoblins
  7 jackals
  4 quokkas
  4 bats
  14 kobolds
  4 rats
125 creatures vanquished.

Notes
Turn   | Place    | Note
-------+----------+-------------------------------------------
     0 | D:1      | Joey1 the Minotaur Berserker began the quest for the Orb.
     0 | D:1      | Reached XP level 1. HP: 19/19 MP: 0/0
   224 | D:1      | Reached XP level 2. HP: 27/27 MP: 1/1
   225 | D:1      | Reached skill level 4 in Axes
   286 | D:1      | Found a faded altar of an unknown god.
   548 | D:1      | Reached ** piety under Trog
  1137 | D:2      | Reached XP level 3. HP: 33/33 MP: 2/2
  1223 | D:2      | Found Pualoon's Book Emporium.
  1540 | D:2      | Reached XP level 4. HP: 24/40 MP: 3/3
  1947 | D:3      | Reached skill level 5 in Axes
  2001 | D:3      | Noticed Ijyb
  2072 | D:3      | Killed Ijyb
  2695 | D:4      | Reached XP level 5. HP: 46/47 MP: 4/4
  2766 | D:4      | Found a staircase to the Ecumenical Temple.
  2830 | D:4      | Noticed an ice beast
  2877 | D:4      | Killed an ice beast
  2877 | D:4      | Reached *** piety under Trog
  2878 | D:4      | Reached skill level 5 in Fighting
  2878 | D:4      | Reached skill level 6 in Axes
  2878 | D:4      | Reached XP level 6. HP: 23/56 MP: 5/5
  3237 | D:4      | Found Hesogem's Book Shop.
  3543 | D:5      | Entered Level 5 of the Dungeon
  3548 | D:5      | Found Laosud's Specific Store.
  3548 | D:5      | Noticed a water moccasin
  3555 | D:5      | Killed a water moccasin
  3556 | D:5      | Reached skill level 7 in Axes
  3690 | D:5      | Found Lenuny's General Store.
  3694 | D:5      | Bought a potion of enlightenment for 70 gold pieces
  3735 | D:5      | Reached XP level 7. HP: 41/61 MP: 6/6
  3871 | D:5      | Reached skill level 8 in Axes
  3871 | D:5      | Reached skill level 5 in Dodging
  4623 | D:5      | Found a hazy altar of Hepliaklqana.
  4623 | D:5      | Found a shimmering altar of Xom.
  4626 | D:5      | Found a hide-covered altar of Uskayaw.
  4758 | D:6      | Found a sparkling altar of Nemelex Xobeh.
  4859 | D:6      | Reached skill level 9 in Axes
  4991 | D:6      | Found Gozag's Platinum Reserve.
  5135 | D:6      | Found an opulent altar of Gozag.
  5217 | D:6      | Found Veesot's Book Shop.
  5256 | D:6      | Reached XP level 8. HP: 56/68 MP: 7/7
  5369 | D:6      | Found a snail-covered altar of Cheibriados.
  5501 | D:6      | Found a glowing silver altar of Zin.
  5617 | D:7      | Reached skill level 10 in Axes
  5777 | D:7      | Noticed a troll
  5777 | D:7      | Found a flagged portal.
  5781 | D:7      | Killed a troll
  5782 | D:7      | Reached skill level 11 in Axes
  5800 | Bailey   | Entered a bailey
  6094 | Bailey   | HP: 2/94 [orc warrior/+1 halberd of electrocution (12)]
  6095 | Bailey   | Slain by a gnoll

Illustrated notes

Levels and vault maps discovered:
D:1:      nagdon_arrival_double_spiral, layout_basic,
          shapermc_ecumenical_altar_pompeii
D:2:      layout_basic, serial_shops, nicolae_shop_peninsula,
          minmay_pentomino_o2
D:3:      layout_basic, hex_large, uniq_ijyb
D:4:      layout_loops_cross, minmay_temple_entry_trees, serial_shops, shop
D:5:      layout_loops_cross, gammafunk_temple_overflow_claw,
          nicolae_specific_store, minmay_misc_feat_tower,
          chequers_hall_statues_corner_a, chequers_serial_rivers_room_b
D:6:      layout_basic, nicolae_gozag_zags_fifth_avenue,
          overflow_temple_1_default, mainiacjoe_overflow_small_starburst,
          slow_altar_2, serial_shops, shop
D:7:      layout_basic, enter_bailey_2
Bailey:   bailey_polearm_nasty_gnolls, bailey

Skill      XL: |  1  2  3  4  5  6  7  8 |
---------------+-------------------------+-----
Axes           | 4 5 6 7 9 11 | 11.7
Fighting       | 4 5 |  5.0
Armour         | 3 |  3.0
Dodging        | 3 4 5 |  5.0

Action                     |  1- 3 |  4- 6 |  7- 9 || total
---------------------------+-------+-------+-------++-------
  Melee: Hand axe          |    94 |   128 |   139 ||   361
         Headbutt          |     9 |    22 |    31 ||    62
         Punch             |       |       |     1 ||     1
 Invoke: Berserk           |     1 |       |     3 ||     4
    Use: Scroll            |       |       |     4 ||     4
 Armour: Animal skin       |    22 |       |       ||    22
         Scale mail        |    34 |     6 |       ||    40
         Plate armour      |       |    91 |   115 ||   206
  Dodge: Dodged            |    67 |    43 |    68 ||   178

Table legend: (Time is in decaauts)
 A = Elapsed time spent in this place.
 B = Non-inter-level travel time spent in this place.
 C = Inter-level travel time spent in this place.
 D = Time resting spent in this place.
 E = Time spent auto-exploring this place.
 F = Levels seen in this place.
 G = Mean time per level.
                   A        B        C        D        E       F      G
               +--------+--------+--------+--------+--------+-----+--------+
         Total |   6107 |   5699 |    408 |    382 |   4231 |   8 |  763.4 |
       Dungeon |   5820 |   5412 |    408 |    308 |   4231 |   7 |  831.4 |
        Bailey |    287 |    287 |      0 |     74 |      0 |   1 |  287.0 |
               +--------+--------+--------+--------+--------+-----+--------+

Top non-repeatable levels by time:
     D:1: 1124 daAuts
     D:4: 1053 daAuts
     D:6: 998 daAuts
     D:5: 979 daAuts
     D:3: 776 daAuts
     D:2: 767 daAuts
  Bailey: 287 daAuts
     D:7: 120 daAuts
